 Dungeon Crawl Stone Soup version 0.27-a0-1273-gec92ba881d (webtiles) character file.

Game seed: 16523076930280674600

15 robertstho the Magician (level 2, 0/22 HPs)
             Began as a Djinni Fire Elementalist on June 11, 2021.
             Slain by a hobgoblin (3 damage)
             ... on level 1 of the Dungeon.
             The game lasted 00:00:58 (915 turns).

robertstho the Magician (Djinni Fire Elementalist)   Turns: 915, Time: 00:00:59

Health: 0/22       AC:  2    Str:  7    XL:     2   Next: 65%
Gold:   28         EV: 12    Int: 16    God:
                   SH:  4    Dex: 13

rFire    + + .     SeeInvis .   g - +0 dagger
rCold    x . .     Faith    .   (no shield)
rNeg     . . .     Spirit   .   a - +0 robe
rPois    ∞         Reflect  .   (no helmet)
rElec    .         Harm     .   (no cloak)
rCorr    .         Rampage  .   (no gloves)
Will     .....                  (boots unavailable)
Stlth    +++.......             (no amulet)
HPRegen  0.07/turn              (no ring)
MPRegen  0.00/turn              (no ring)

@: unable to read, attractive, flying
A: sickness immunity, fire resistance 2, cold vulnerability 1, float, innate
caster, hp casting, extra vitality 1, large bone plates 1, camouflage 1,
inability to read while threatened
a: no special abilities


You were on level 1 of the Dungeon.
You visited 1 branch of the dungeon, and saw 1 of its levels.

You collected 28 gold pieces.

Inventory:

Hand Weapons
 g - a +0 dagger (weapon)
Armour
 a - a +0 robe (worn)
Scrolls
 b - a scroll of teleportation {unknown}
 c - 3 scrolls of enchant armour {unknown}
 d - a scroll of fear {unknown}
 f - a scroll of amnesia {unknown}


   Skills:
 * Level 0.7 Fighting
 + Level 2.2 Dodging
 + Level 1.6 Stealth
 * Level 2.8 Spellcasting


You couldn't memorise any spells.
You knew the following spells:

 Your Spells              Type           Power      Damage    Failure   Level
a - Foxfire               Conj/Fire      44%        2x1d6     6%          1
b - Conjure Flame         Conj/Fire      11%        6-21      17%         3
c - Inner Flame           Hex/Fire       11%        N/A       17%         3
d - Sticky Flame          Conj/Fire      11%        2d3       50%         4
e - Fireball              Conj/Fire      5%         3d5       85%         5
Your spell library was empty.

Dungeon Overview and Level Annotations

Branches:
Dungeon (1/15)

Altars:
Trog


Innate Abilities, Weirdness & Mutations

You are immune to sickness and miasma.
You are immune to poison.
Your flesh is very heat resistant. (rF++)
You are vulnerable to cold. (rC-)
You float through the air rather than walking.
You learn spells naturally, not from books.
Your magical power is your life essence.
You have superior vitality. (+4 HP)
You are partially covered in large bone plates. (SH +4)
Your skin changes colour to match your surroundings (Stealth+).
You sometimes lose the ability to read scrolls when taking damage.


Message History

The hobgoblin hits you but does no damage.
The hobgoblin misses you.
You hit the hobgoblin but do no damage.
The hobgoblin is heavily wounded.
The hobgoblin barely misses you. The hobgoblin hits you.
You hit the hobgoblin.
You kill the hobgoblin!
Unknown command.
The hobgoblin misses you. The hobgoblin hits you.
The hobgoblin barely misses you.
You see here a bubbling coppery potion.
h - a bubbling coppery potion The hobgoblin hits you.
The hobgoblin barely misses you.
A goblin comes into view. It is wielding a +0 club.
The goblin shouts!
You hit the goblin.
The goblin is moderately wounded.
The hobgoblin closely misses you. The goblin closely misses you.
You barely miss the goblin.
The goblin is moderately wounded.
The hobgoblin misses you. The goblin barely misses you.
You hit the goblin but do no damage.
The goblin is moderately wounded.
The hobgoblin hits you.
* * * LOW HITPOINT WARNING * * *
The goblin barely misses you.
It was a potion of mutation.
You feel extremely strange.
Large bone plates grow over parts of your arms.
You lose the ability to read scrolls when threatened.
Your skin functions as natural camouflage.
You block the hobgoblin's attack. The goblin hits you with a +0 club.
You feel threatened and lose the ability to read scrolls!
* * * LOW HITPOINT WARNING * * *
It was a potion of attraction.
You feel attractive to monsters.
You can read scrolls again.
The hobgoblin hits you.
You feel threatened and lose the ability to read scrolls!
You die...

##################
#>................
#.################
#.#######
#.......#
#.##########.#
#....g@gg..#.#
##########.#.#
#.....# #.#.###
#...# #####


You could see 2 hobgoblins and a goblin.

Vanquished Creatures
  A dart slug (D:1)
  An endoplasm (D:1)
  A giant cockroach (D:1)
  3 hobgoblins (D:1)
  2 bats (D:1)
  A frilled lizard (D:1)
  2 kobolds (D:1)
  2 rats (D:1)
13 creatures vanquished.

Vanquished Creatures (others)
  41 foxfires (D:1)
41 creatures vanquished.

Grand Total: 54 creatures vanquished

Notes
Turn   | Place    | Note
-------+----------+-------------------------------------------
     0 | D:1      | robertstho the Djinni Fire Elementalist began the quest for
                  | the Orb.
     0 | D:1      | Reached XP level 1. HP: 15/15 MP: 0/0
    72 | D:1      | Found a bloodstained altar of Trog.
   373 | D:1      | Reached XP level 2. HP: 2/22 MP: 0/0
   914 | D:1      | Gained mutation: You are partially covered in large bone
                  | plates. (SH +4) [potion of mutation]
   914 | D:1      | Gained mutation: You sometimes lose the ability to read
                  | scrolls when taking damage. [potion of mutation]
   914 | D:1      | Gained mutation: Your skin changes colour to match your
                  | surroundings (Stealth+). [potion of mutation]
   915 | D:1      | Slain by a hobgoblin

Illustrated notes

Levels and vault maps discovered:
D:1:      dpeg_arrival_lava_altar, layout_basic

Action                   || total
-------------------------++-------
Melee: Dagger            ||     7
 Cast: Foxfire           ||    27
  Use: Potion            ||     2
Armor: Robe              ||     4
Dodge: Dodged            ||    17
Block: Other             ||     1

Table legend: (Time is in decaauts)
 A = Elapsed time spent in this place.
 B = Non-inter-level travel time spent in this place.
 C = Inter-level travel time spent in this place.
 D = Time resting spent in this place.
 E = Time spent auto-exploring this place.
 F = Levels seen in this place.
 G = Mean time per level.
                   A        B        C        D        E       F      G
               +--------+--------+--------+--------+--------+-----+--------+
         Total |    914 |    914 |      0 |    283 |    533 |   1 |  914.0 |
       Dungeon |    914 |    914 |      0 |    283 |    533 |   1 |  914.0 |
               +--------+--------+--------+--------+--------+-----+--------+

Top non-repeatable levels by time:
     D:1: 914 daAuts
